[Event "Open international de Salon de Provence"]
[Site "Salon de Provence, France"]
[Date "2024.07.10"]
[Round "7.5"]
[White "Rival, None"]
[Black "Maltsev, Nikita"]
[Result "1-0"]
[WhiteElo "1640"]
[BlackElo "1552"]
[PlyCount "97"]
[EventDate "2024.??.??"]
[TimeControl "1"]

1. d4 d5 2. c4 e6 3. Nc3 Nf6 4. cxd5 exd5 5. Bg5 c6 6. e3 Be7 7. Qc2 Nbd7 8. Bd3 h6 9. Bh4 b6 10. Nge2 Bb7 11. O-O Qc7 12. Bg3 Bd6 13. Nb5 cxb5 14. Qxc7 Bxc7 15. Bxc7 a6 16. Rac1 Ke7 17. Ng3 g6 18. Rc2 Rac8 19. Rfc1 h5 20. h4 Rhe8 21. Ne2 Ng4 22. Bg3 Rxc2 23. Rxc2 Rc8 24. Rxc8 Bxc8 25. Bc7 Ngf6 26. Nc3 Ke6 27. f3 Ne8 28. Bh2 Nd6 29. Bxd6 Kxd6 30. Kf2 b4 31. Ne2 a5 32. Kg3 Nf8 33. Bb5 Bd7 34. Bxd7 Nxd7 35. Kf4 f6 36. g4 hxg4 37. fxg4 b5 38. h5 Ke7 39. hxg6 Nb6 40. b3 a4 41. Kf5 axb3 42. axb3 Nd7 43. Nf4 Nb6 44. Nh5 Nd7 45. g7 Kf7 46. g8=Q+ Kxg8 47. Nxf6+ Nxf6 48. Kxf6 Kh8 49. Ke5 1-0

[Event "Open international de Salon de Provence"]
[Site "Salon de Provence, France"]
[Date "2024.07.10"]
[Round "7.6"]
[White "Tarisse, Mateo"]
[Black "Metzger, Raphael"]
[Result "1-0"]
[WhiteElo "1636"]
[BlackElo "1601"]
[PlyCount "87"]
[EventDate "2024.??.??"]
[TimeControl "1"]

1. Nf3 Nf6 2. c4 e6 3. g3 d5 4. b3 Be7 5. Bb2 O-O 6. Bg2 c5 7. cxd5 exd5 8. d4 Nbd7 9. Nc3 Nb6 10. dxc5 Bxc5 11. O-O Qe7 12. Qc2 Bg4 13. Rfd1 Rac8 14. Nd4 Rfe8 15. Kf1 Ne4 16. f3 Nxc3 17. Bxc3 Bh5 18. Nf5 Qe6 19. Nd4 Bxd4 20. Rxd4 Qc6 21. Rc1 Re3 22. Bd2 Qxc2 23. Rxc2 Rxc2 24. Bxe3 Rxa2 25. Rb4 Ra6 26. g4 Bg6 27. f4 f6 28. Bxb6 Rxb6 29. Rxb6 axb6 30. Bxd5+ Bf7 31. e4 Bxd5 32. exd5 Kf7 33. Ke2 Ke7 34. Kd3 b5 35. f5 Kd6 36. Kd4 b6 37. h3 h5 38. gxh5 b4 39. h4 b5 40. h6 gxh6 41. h5 Ke7 42. Kc5 Kd7 43.
Kxb5 Kd6 44. Kc4 1-0

[Event "Open international de Salon de Provence"]
[Site "Salon de Provence, France"]
[Date "2024.07.10"]
[Round "7.7"]
[White "Verlingue, Brewen"]
[Black "Vrillet, Loan"]
[Result "0-1"]
[WhiteElo "1471"]
[BlackElo "1676"]
[PlyCount "46"]
[EventDate "2024.??.??"]
[TimeControl "1"]

1. d4 d5 2. c4 c6 3. Nf3 Nf6 4. g3 e6 5. Bg2 Bb4+ 6. Bd2 Be7 7. O-O O-O 8.
Nc3 Nbd7 9. Bf4 Re8 10. Nd2 Nf8 11. e4 dxe4 12. Ndxe4 Ng6 13. Bg5 Nxe4 14. Bxe7 Nxc3 15. Bxd8 Nxd1 16. Bg5 Nxb2 17. Rfc1 Na4 18. c5 e5 19. Rab1 exd4 20. Rb4 Nc3 21. Rxd4 Ne2+ 22. Kh1 Nxd4 23. Rd1 Ne6 0-1

[Event "Open international de Salon de Provence"]
[Site "Salon de Provence, France"]
[Date "2024.07.10"]
[Round "7.8"]
[White "Belaid, Noa"]
[Black "Dinlemez, Karim"]
[Result "1/2-1/2"]
[WhiteElo "1594"]
[BlackElo "1517"]
[PlyCount "62"]
[EventDate "2024.??.??"]
[TimeControl "1"]

1. e4 d6 2. d4 Nf6 3. Nc3 Nbd7 4. f4 e5 5. Nf3 exd4 6. Nxd4 g6 7. Bd3 Bg7 8. Nf3 O-O 9. O-O Re8 10. f5 Ne5 11. Nxe5 Rxe5 12. Bg5 h6 13.
Bxf6 Qxf6 14. fxg6 Qxg6 15. Bc4 Be6 16. Bxe6 fxe6 17. Rf3 Rg5 18. Qe2 Kh8 19. Raf1 Rg8 20. g3 h5 21. Kh1 h4 22. Qg2 Bxc3 23. Rxc3 hxg3 24. Rxg3 Rxg3 25. hxg3 Qxg3 26. Qxg3 Rxg3 27. Rf7 Rh3+ 28. Kg2 Rh7 29. Rf8+ Kg7 30. Ra8 a6 31. Ra7 Kf6 1/2-1/2

[Event "Open international de Salon de Provence"]
[Site "Salon de Provence, France"]
[Date "2024.07.11"]
[Round "8.1"]
[White "Gusain, Himal"]
[Black "Dimitrov, Radoslav"]
[Result "1/2-1/2"]
[WhiteElo "2490"]
[BlackElo "2480"]
[PlyCount "63"]
[EventDate "2024.??.??"]
[TimeControl "1"]

1. e4 g6 2. d4 Bg7 3. Nf3 c6 4. Bd3 d5 5. e5 Bg4 6. Nbd2 f6 7. h3 Bxf3 8.
Nxf3 fxe5 9. Nxe5 Nd7 10. Bf4 Nxe5 11. dxe5 Qc7 12. Qe2 O-O-O 13. h4 Rf8 14. Bh2 e6 15. h5 Qb6 16. a4 Qb4+ 17. c3 Qh4 18. g3 Qh3 19. f4 Nh6 20. Qe3 Ng4 21. Qxa7 Rxf4 22. O-O-O Rf7 23. Rdf1 Rhf8 24. Qa8+ Kc7 25. Rxf7+ Rxf7 26.
Ba6 Nxe5 27. Qxb7+ Kd8 28. Qb8+ Ke7 29. Qb4+ Kd7 30. g4 Bh6+ 31. Kb1 Bf4 32. Qb7+ 1/2-1/2

[Event "Open international de Salon de Provence"]
[Site "Salon de Provence, France"]
[Date "2024.07.11"]
[Round "8.2"]
[White "Durand-Benmoussa, Roman"]
[Black "Enchev, Ivajlo"]
[Result "1/2-1/2"]
[WhiteElo "2001"]
[BlackElo "2416"]
[PlyCount "64"]
[EventDate "2024.??.??"]
[TimeControl "1"]

1. e4 e5 2. Nf3 Nc6 3. Bb5 a6 4. Ba4 d6 5. O-O Bd7 6. c4 g5 7. d4 g4 8. d5 gxf3 9. dxc6 bxc6 10. Qxf3 Qf6 11. Qb3 Ne7 12. f4 exf4 13. Bxf4 Bg7 14. Qb7 O-O 15. Qxc7 Qxb2 16. Nd2 Ng6 17. Be3 Bd4 18. Bxd4 Qxd4+ 19. Kh1 Ra7 20. Qa5 Ne5 21. Rad1 Bg4 22. Nf3 Qe3 23. Rde1 Nxc4 24. Qb4 Qc5 25. Qxc5 dxc5 26. Bxc6 Be6 27. Ng5 h6 28. Nxe6 fxe6 29. Rxf8+ Kxf8 30. Rc1 Rc7 31. Rxc4 Rxc6 32. g4 Kf7 1/2-1/2

[Event "Open international de Salon de Provence"]
[Site "Salon de Provence, France"]
[Date "2024.07.11"]
[Round "8.3"]
[White "Petrosyan, Armen"]
[Black "Nikolov, Momchil"]
[Result "1/2-1/2"]
[WhiteElo "2358"]
[BlackElo "2460"]
[PlyCount "91"]
[EventDate "2024.??.??"]
[TimeControl "1"]

1. e4 c5 2. Nf3 d6 3. Bb5+ Nd7 4. d4 cxd4 5. Nxd4 Ngf6 6. Bd3 Nc5 7. Nc3 a6 8. Nb3 b6 9. Nxc5 bxc5 10. O-O e6 11. b3 Be7 12. Bb2 Bb7 13.
Qe2 Nd7 14. f4 Bf6 15. e5 dxe5 16. f5 Qb6 17. fxe6 Qxe6 18. Rad1 e4 19. Nxe4 Bxe4 20. Qxe4 Qxe4 21. Bxe4 O-O-O 22. Bxf6 Nxf6 23. Bd3 Kb7 24. Bc4 Rhe8 25. g3 Rxd1 26. Rxd1 Re7 27. Rd6 a5 28. h3 Re3 29. Rd3 Re2 30. Rc3 Re7 31. Rf3 Kc6 32. Rf5 Re1+ 33. Kg2 Rc1 34. Bd3 Ra1 35. a4 Re1 36. g4 h6 37. Kf3 Kd6 38. h4 Rg1 39. g5 hxg5 40.
hxg5 Ng4 41. Kf4 f6 42. Bc4 Ne5 43. gxf6 Rg4+ 44. Ke3 Nxc4+ 45. bxc4 gxf6 46. Rxf6+ 1/2-1/2

[Event "Open international de Salon de Provence"]
[Site "Salon de Provence, France"]
[Date "2024.07.11"]
[Round "8.4"]
[White "Philippe, Guillaume"]
[Black "Lalic, Bogdan"]
[Result "1/2-1/2"]
[WhiteElo "2359"]
[BlackElo "2358"]
[PlyCount "44"]
[EventDate "2024.??.??"]
[TimeControl "1"]

1. Nf3 d5 2. e3 Nf6 3. c4 c6 4. Nc3 e6 5. b3 Nbd7 6. Bb2 Bd6 7. d4 O-O 8. Bd3 e5 9. cxd5 cxd5 10. dxe5 Nxe5 11. Be2 Nxf3+ 12. Bxf3 Be6 13. O-O Be5 14. Qd2 Qa5 15. Rfd1 Rfd8 16. Ne2 Qxd2 17. Rxd2 Bxb2 18. Rxb2 Rac8 19. Rd1 Bg4 20. Rbd2 Bxf3 21. gxf3 Rd7 22. Nf4 Ra8 1/2-1/2

[Event "Open international de Salon de Provence"]
[Site "Salon de Provence, France"]
[Date "2024.07.11"]
[Round "8.5"]
[White "Vrillet, Loan"]
[Black "Rival, None"]
[Result "0-1"]
[WhiteElo "1676"]
[BlackElo "1640"]
[PlyCount "58"]
[EventDate "2024.??.??"]
[TimeControl "1"]

1. e4 c5 2. Nf3 Nc6 3. d4 cxd4 4. Nxd4 Nf6 5. Nc3 e5 6.
Ndb5 d6 7. Bg5 a6 8. Na3 b5 9. Nd5 Be7 10. Bxf6 Bxf6 11. c3 O-O 12. Nc2 Rb8 13. Bd3 Bg5 14. h4 Bh6 15. g4 f6 16. Qf3 a5 17. a3 Be6 18.
Qe2 Ne7 19. Rd1 Kh8 20. Bxb5 Nxd5 21. Rxd5 Bxd5 22. exd5 Qb6 23. a4 Bf4 24. h5 Qc5 25. Qe4 Rxb5 26. axb5 Qxb5 27. b4 Rc8 28. Qf3 Qa4 29. Qd3 axb4 0-1

[Event "Open international de Salon de Provence"]
[Site "Salon de Provence, France"]
[Date "2024.07.11"]
[Round "8.6"]
[White "Bicais, Noam"]
[Black "Tarisse, Mateo"]
[Result "1/2-1/2"]
[WhiteElo "1603"]
[BlackElo "1636"]
[PlyCount "109"]
[EventDate "2024.??.??"]
[TimeControl "1"]

1. e4 e6 2. d4 d5 3. Nc3 Nf6 4. Bg5 Be7 5. e5 Nfd7 6. Bxe7 Qxe7 7. Nb5 Nb6 8. c3 a6 9. Na3 c5 10. Nc2 Nc6 11. a3 c4 12. Nf3 Na5 13.
Nd2 Bd7 14. Ne3 O-O 15. Qg4 Ba4 16. Be2 Qd7 17. Bd1 Qb5 18.
Rb1 Nb3 19. Nxb3 Bxb3 20. Bxb3 Qxb3 21. Qd1 Qb5 22. f4 Na4 23. Kd2 a5 24. g4 Ra6 25. Qc2 Rb6 26. Kc1 Qb3 27. h4 Rc8 28.
g5 Qxc2+ 29. Kxc2 Rb3 30. Nd1 b5 31. h5 b4 32. axb4 axb4 33.
Ra1 Ra8 34. h6 g6 35. Rh2 Kf8 36. Kc1 Ke7 37. cxb4 Rxb4 38. Nc3 Kd7 39. Rxa4 Rbxa4 40. Nxa4 Rxa4 41. Rh3 Kc6 42. b3 cxb3 43. Rc3+ Kb5 44. Rxb3+ Kc4 45. Rb7 Kxd4 46. Rxf7 Ke3 47. Rxh7 Rxf4 48. Rg7 Ke4 49. Rxg6 Rh4 50. Rxe6 Kf5 51. Re8 Kxg5 52. e6 Kf6 53. e7 Rxh6 54. Rd8 Kxe7 55. Rxd5 1/2-1/2

[Event "Open international de Salon de Provence"]
[Site "Salon de Provence, France"]
[Date "2024.07.11"]
[Round "8.7"]
[White "Madi, Chahinez"]
[Black "Metzger, Raphael"]
[Result "1/2-1/2"]
[WhiteElo "1687"]
[BlackElo "1601"]
[PlyCount "91"]
[EventDate "2024.??.??"]
[TimeControl "1"]

1. e4 e5 2. Nf3 Nc6 3. Bb5 Nf6 4. O-O Nxe4 5. Re1 Nd6 6.
Nxe5 Nxe5 7. Rxe5+ Be7 8. Ba4 O-O 9. d4 Bf6 10. Re1 Nf5 11. c3 d5 12. Nd2 c6 13. Nf3 Nd6 14. Ne5 Bf5 15. Bf4 Bxe5 16. dxe5 Nc4 17. Qc1 Re8 18. Bc2 Bxc2 19. Qxc2 Re6 20. b3 Nb6 21. Rad1 Qe7 22. Rd3 Nd7 23. Rde3 Re8 24. Qe2 Qa3 25. h3 Nc5 26. Qc2 Qa6 27. Rd1 b5 28. c4 bxc4 29. bxc4 Qxc4 30. Qxc4 dxc4 31. Rc3 Na4 32. Ra3 Nb2 33. Rd6 Nd3 34. Bg3 Nxe5 35. Bxe5 Rxe5 36. Rxc6 Re1+ 37. Kh2 Rc1 38. Rxa7 g6 39. a4 Rc2 40. Kg3 Re6 41. Rxe6 fxe6 42. Rc7 c3 43. Kh2 Ra2 44. Rxc3 Rxa4 45. Re3 Kf7 46. Kg3 1/2-1/2

[Event "Open international de Salon de Provence"]
[Site "Salon de Provence, France"]
[Date "2024.07.11"]
[Round "8.8"]
[White "Maltsev, Nikita"]
[Black "Belaid, Noa"]
[Result "0-1"]
[WhiteElo "1552"]
[BlackElo "1594"]
[PlyCount "118"]
[EventDate "2024.??.??"]
[TimeControl "1"]

1. d4 Nf6 2. c4 g6 3. Nc3 d5 4. cxd5 Nxd5 5. e4 Nxc3 6. bxc3 Bg7 7. Nf3 O-O 8. Be2 Re8 9. O-O e5 10. d5 Nd7 11. Ba3 Nb6 12. c4 f5 13.
Nd2 fxe4 14. Nxe4 Qh4 15. Nd2 e4 16. Rb1 Qg5 17. Kh1 e3 18.
Nf3 Qf4 19. g3 Qf6 20. Bb2 Qe7 21. Bxg7 Kxg7 22. Qd4+ Kg8 23. fxe3 Qxe3 24. Qxe3 Rxe3 25. Rbe1 Bg4 26. Kg2 Rae8 27. Kf2 Bxf3 28. Bxf3 Rxe1 29. Rxe1 Rxe1 30. Kxe1 Nxc4 31. Ke2 Kf7 32. Kd3 Ne5+ 33. Ke3 Nxf3 34. Kxf3 Kf6 35. Kf4 b5 36. h3 a5 37. Ke4 Ke7 38. Kd3 Kd6 39. Kd4 g5 40. g4 h6 41. a3 a4 42. Ke4 b4 43. Kd4 b3 44. Kc3 Kxd5 45.
Kb2 Ke4 46. Ka1 Kf3 47. Kb1 Kg3 48. Kb2 Kxh3 49. Ka1 Kxg4 50. Kb1 h5 51. Kb2 h4 52. Ka1 h3 53. Kb1 h2 54. Kb2 h1=Q 55.
Kc3 Qe4 56. Kd2 Kf3 57. Kc3 g4 58. Kd2 Qc2+ 59. Ke1 Qe2# 0-1

[Event "Open international de Salon de Provence"]
[Site "Salon de Provence, France"]
[Date "2024.07.12"]
[Round "9.1"]
[White "Durand-Benmoussa, Roman"]
[Black "Gusain, Himal"]
[Result "0-1"]
[WhiteElo "2001"]
[BlackElo "2490"]
[PlyCount "68"]
[EventDate "2024.??.??"]
[TimeControl "1"]

1. e4 c5 2. Nf3 e6 3. d4 cxd4 4. Nxd4 Nf6 5. Nc3 Bb4 6. e5 Nd5 7. Bd2 Nxc3 8. bxc3 Bf8 9. Bd3 Na6 10. f4 Nc5 11. O-O d6 12. Qf3 g6 13.
Nb5 d5 14. Rae1 a6 15. f5 gxf5 16. Nd6+ Bxd6 17. exd6 Qb6 18. Kh1 Bd7 19. Bg5 Qxd6 20. Qxf5 Rf8 21. Qxh7 Bb5 22. Rxf7 Rxf7 23. Bg6 Qf8 24. Re3 Ne4 25. Bh6 Qe7 26. Rf3 O-O-O 27. Qxf7 Qh4 28. c4 Be8 29. Qxe6+ Bd7 30. Qf7 Qxh6 31. cxd5 Ng3+ 32. Kg1 Qc1+ 33. Kf2 Nh1+ 34. Ke2 Bb5+ 0-1

[Event "Open international de Salon de Provence"]
[Site "Salon de Provence, France"]
[Date "2024.07.12"]
[Round "9.2"]
[White "Dimitrov, Radoslav"]
[Black "Nikolov, Momchil"]
[Result "1/2-1/2"]
[WhiteElo "2480"]
[BlackElo "2460"]
[PlyCount "43"]
[EventDate "2024.??.??"]
[TimeControl "1"]

1. e4 c5 2. Nf3 e6 3. d4 cxd4 4. Nxd4 Nf6 5. Nc3 Nc6 6. Nxc6 bxc6 7. e5 Nd5 8. Ne4 Qc7 9. f4 Qb6 10. c4 Ne3 11. Qd3 Bb4+ 12. Bd2 Ba6 13.
b3 O-O 14. Nc3 Nd5 15. O-O-O Qa5 16. Kb2 f6 17. Qg3 Nxc3 18. Bxc3 Qa3+ 19. Kb1 Bxc3 20. Qxc3 Bc8 21. Bd3 a5 22. Qc2 1/2-1/2

[Event "Open international de Salon de Provence"]
[Site "Salon de Provence, France"]
[Date "2024.07.12"]
[Round "9.3"]
[White "Lalic, Bogdan"]
[Black "Enchev, Ivajlo"]
[Result "1/2-1/2"]
[WhiteElo "2358"]
[BlackElo "2416"]
[PlyCount "43"]
[EventDate "2024.??.??"]
[TimeControl "1"]

1. d4 d5 2. c4 c6 3. cxd5 cxd5 4. Nf3 Nf6 5. Nc3 Nc6 6. Bf4 Bf5 7. e3 e6 8. Bd3 Bxd3 9. Qxd3 Bd6 10. Bxd6 Qxd6 11. O-O O-O 12. Rfc1 Rfc8 13. a3 Nd7 14. Rc2 Ne7 15. Rac1 a6 16. Ne2 Rxc2 17. Rxc2 Rc8 18. Rxc8+ Nxc8 19. Qc2 Ne7 20. h3 h6 21. Nd2 Nc6 22. b4 1/2-1/2

[Event "Open international de Salon de Provence"]
[Site "Salon de Provence, France"]
[Date "2024.07.12"]
[Round "9.4"]
[White "Philippe, Guillaume"]
[Black "Espanet, Fabien"]
[Result "1-0"]
[WhiteElo "2359"]
[BlackElo "1851"]
[PlyCount "107"]
[EventDate "2024.??.??"]
[TimeControl "1"]

1. e4 c5 2. a3 g6 3. Nc3 Bg7 4. Bc4 Nc6 5. d3 a6 6. Ba2 b5 7. f4 e6 8. Nf3 Nge7 9. O-O Bb7 10. f5 gxf5 11. Ng5 Ne5 12. Qh5 Qb6 13.
exf5 c4+ 14. Kh1 Nxf5 15. dxc4 bxc4 16. Bf4 h6 17. Nge4 d5 18. Ng3 Nxg3+ 19. Bxg3 Ng6 20. Ne2 O-O 21. c3 e5 22. Rae1 Rae8 23. Bf2 Qc6 24. Rg1 Ba8 25. Rd1 Rb8 26. Rd2 a5 27. Be3 Ne7 28. Bb1 f5 29. Qh4 Rf7 30. Bf2 f4 31. Qh5 Rbf8 32. Bh4 Nf5 33.
Bf2 a4 34. Qh3 Ne7 35. Nc1 Qf6 36. Bh4 Qc6 37. Na2 f3 38. Nb4 fxg2+ 39. Rdxg2 Qb7 40. Bxe7 Rxe7 41. Qxh6 d4 42. Qh7+ Kf7 43.
Qxg7+ Ke8 44. Bg6+ Ref7 45. Qxe5+ Kd8 46. Bxf7 Rxf7 47. Qxd4+ Ke8 48. h3 Rh7 49. Qe5+ Kf8 50. Kh2 Rxh3+ 51. Kxh3 Qh7+ 52. Kg3 Qg6+ 53. Kf2 Qf7+ 54. Ke1 1-0

[Event "Open international de Salon de Provence"]
[Site "Salon de Provence, France"]
[Date "2024.07.12"]
[Round "9.5"]
[White "Rival, None"]
[Black "Belaid, Noa"]
[Result "1/2-1/2"]
[WhiteElo "1640"]
[BlackElo "1594"]
[PlyCount "43"]
[EventDate "2024.??.??"]
[TimeControl "1"]

1. d4 Nf6 2. c4 g6 3. Nc3 d5 4. cxd5 Nxd5 5. Bd2 Bg7 6. e4 Nxc3 7. Bxc3 O-O 8. h3 Nd7 9. Nf3 Nb6 10. Be2 Re8 11. O-O Bd7 12. a4 a5 13.
Re1 e6 14. Qc2 Bc6 15. Bf1 Qd7 16. b3 Nc8 17. Rad1 Ne7 18. d5 exd5 19. Bxg7 Kxg7 20. Qc3+ Kg8 21. Qf6 Qe6 22. e5 1/2-1/2

[Event "Open international de Salon de Provence"]
[Site "Salon de Provence, France"]
[Date "2024.07.12"]
[Round "9.6"]
[White "Tarisse, Mateo"]
[Black "Madi, Chahinez"]
[Result "0-1"]
[WhiteElo "1636"]
[BlackElo "1687"]
[PlyCount "60"]
[EventDate "2024.??.??"]
[TimeControl "1"]

1. Nf3 Nf6 2. c4 g6 3. d4 Bg7 4. Nc3 d6 5. e4 O-O 6. Be2 Nbd7 7. O-O a5 8. h3 e5 9. d5 Nc5 10. Qc2 Nh5 11. Be3 f5 12. Bxc5 dxc5 13.
exf5 Bxf5 14. Bd3 Bxh3 15. Be4 Bf5 16. Bxf5 gxf5 17. g3 Ra6 18. Kg2 Rh6 19. Rh1 e4 20. Nh4 Qg5 21. Qc1 Qe7 22. Qe3 b6 23. Rab1 Qf6 24. Rbf1 Re8 25. f4 Qf7 26. b3 Bd4 27. Qc1 Nxg3 28. Kxg3 Qg7+ 29. Kh3 Qg4+ 30. Kh2 Rxh4# 0-1

[Event "Open international de Salon de Provence"]
[Site "Salon de Provence, France"]
[Date "2024.07.12"]
[Round "9.7"]
[White "Gautier Mazauric, Thomas"]
[Black "Bicais, Noam"]
[Result "0-1"]
[WhiteElo "1638"]
[BlackElo "1603"]
[PlyCount "60"]
[EventDate "2024.??.??"]
[TimeControl "1"]

1. e4 c5 2. c3 d6 3. d4 cxd4 4. cxd4 Nf6 5. Nc3 Nc6 6. h3 e5 7. d5 Ne7 8. Be3 Ng6 9. Nf3 Be7 10. g3 Nd7 11. h4 Nb6 12. Rc1 O-O 13.
Ng5 f6 14. Nxh7 Kxh7 15. Qh5+ Kg8 16. Qxg6 f5 17. Bg5 fxe4 18. Nxe4 Bxg5 19. Nxg5 Bf5 20. Qh5 Qf6 21. Bh3 Qh6 22. Qxh6 gxh6 23. Ne6 Rfc8 24. Nc7 Bxh3 25. Rxh3 Nxd5 26. Nxa8 Rxc1+ 27. Kd2 Rc8 28. g4 Rxa8 29. Rd3 Nf6 30. Rxd6 Ne4+ 0-1

[Event "Open international de Salon de Provence"]
[Site "Salon de Provence, France"]
[Date "2024.07.12"]
[Round "9.8"]
[White "Metzger, Raphael"]
[Black "Scamaroni, Jean-Paul"]
[Result "1/2-1/2"]
[WhiteElo "1601"]
[BlackElo "1654"]
[PlyCount "130"]
[EventDate "2024.??.??"]
[TimeControl "1"]

1. e4 c5 2. d4 cxd4 3. c3 d5 4. exd5 Qxd5 5. cxd4 Nc6 6. Nf3 e5 7. Nc3 Bb4 8. Bd2 Bxc3 9. Bxc3 e4 10. Ne5 Nxe5 11. dxe5 Ne7 12. Qxd5 Nxd5 13. O-O-O Nxc3 14. bxc3 O-O 15. Bb5 a6 16. Bd7 Rd8 17. Bxc8 Rdxc8 18. Kb2 Rc5 19. Rd7 b5 20. Rhd1 Rxe5 21. Rd8+ Re8 22. Rxe8+ Rxe8 23. Rd6 Ra8 24. Kb3 f5 25. Kb4 Kf7 26. Kc5 Rc8+ 27. Kd4 Rc4+ 28. Ke5 Ra4 29. Kxf5 Rxa2 30. Kxe4 Rxf2 31. Rxa6 Rxg2 32. Rb6 Rg5 33. Ra6 h6 34. Rb6 Kg8 35. Ra6 Kh7 36. Rb6 Rh5 37. Kf4 Rh4+ 38. Kg3 Rc4 39. Rxb5 Rxc3+ 40. Kg4 Rc1 41. Rb6 Rg1+ 42. Kf4 Rf1+ 43. Kg4 Rf2 44. h3 Rg2+ 45. Kf4 h5 46. Ra6 h4 47. Ra3 g5+ 48. Kf5 Kh6 49. Ra8 Rf2+ 50. Ke4 Rf4+ 51. Ke3 Rf7 52. Rg8 Rg7 53. Ra8 Rf7 54. Rg8 Rf4 55. Ke2 Ra4 56. Kf3 Ra3+ 57. Kg2 Ra2+ 58. Kg1 Ra5 59. Rb8 Kg6 60. Rb6+ Kf5 61. Rb8 Kf4 62. Rb4+ Ke3 63. Rb3+ Kd4 64. Rb4+ Kc3 65. Rg4 Kd3 1/2-1/2